 Dungeon Crawl Stone Soup version 0.31-a0-1178-gc5c9b8f871 (webtiles) character file.

Game seed: 4018428696240584893

56 grandjackal the Covered (level 3, 0/29 HPs)
             Began as an Armataur Fighter on Dec 12, 2023.
             Slain by Robin
             ... wielding a +0 trident
              (6 damage)
             ... on level 2 of the Dungeon.
             The game lasted 00:00:53 (602 turns).

grandjackal the Covered (Armataur Fighter)           Turns: 602, Time: 00:00:54

Health: 0/29       AC:  7    Str: 23    XL:     3   Next: 71%
Magic:  3/3        EV:  7    Int:  8    God:
Gold:   39         SH:  9    Dex:  9    Spells: 2/2 levels left

rFire   . . .        a - +0 flail
rCold   . . .        c - +0 buckler
rNeg    . . .        b - +0 scale mail
rPois   .            (no helmet)
rElec   .            (no cloak)
rCorr   .            (no gloves)
SInv    .            (no barding)
Will    .....        h - amulet of reflection Stlth
                     (no ring)
HPRegen 0.24/turn    (no ring)
MPRegen 0.08/turn

%: reflection, roll
@: no status effects
A: large, deformed body, tough skin 3, armoured tail, roll 1, long tongue
a: no special abilities


You were on level 2 of the Dungeon.
You visited 1 branch of the dungeon, and saw 2 of its levels.

You collected 39 gold pieces.

Inventory:

Hand Weapons
 a - a +0 flail (weapon)
Missiles
 k - a throwing net
Armour
 b - a +0 scale mail (worn)
 c - a +0 buckler (worn)
Jewellery
 h - an amulet of reflection (around neck)
Scrolls
 e - a scroll of revelation {unknown}
 f - a scroll of brand weapon {unknown}
 i - 2 scrolls of vulnerability {unknown}
 j - a scroll of enchant weapon {unknown}
 l - 3 scrolls of identify {unknown}
 m - a scroll of enchant armour {unknown}
Potions
 d - a potion of might
 g - a potion of curing {unknown}


   Skills:
 + Level 3.2 Fighting
 + Level 2.4 Maces & Flails
 - Level 4.0 Armour
 + Level 3.9 Shields


You had 2 spell levels left.
You didn't know any spells.
Your spell library contained the following spells:

 Spells                   Type           Power      Damage    Failure   Level
 Cause Fear               Hex            0%         N/A       100%        4
 Fireball                 Conj/Fire      0%         3d3       100%        5
 Dragon's Call            Summ           0%         N/A       100%        9


Dungeon Overview and Level Annotations

Branches:
Dungeon (2/15)

Altars:

Annotations:
D:2 Robin


Innate Abilities, Weirdness & Mutations

Armour fits poorly on your strangely shaped body.
You have extremely tough skin. (AC +3)
You have a long armoured tail.
You roll when moving toward enemies. (Rampage)
Your long tongue fully drains potion bottles. (2x potion effects)


Message History

The goblin barely misses you. Robin throws the goblin at you!
You hit the goblin.
You kill the goblin!
You block the goblin's attack. You block Robin's attack.
The goblin no longer looks unusually strong.
Robin's horned helmet rattles.
Robin roars a battlecry!
The goblins go into a battle-frenzy!
You block the goblin's attack.
Items here: ))))) ††††.
Robin throws the goblin at you! You block the goblin's attack.
The goblin attacks as it pursues you! The goblin hits you with a +0 club.
You closely miss the goblin.
Your tail-slap misses the goblin.
You block the goblin's attack. x2; The goblin hits you but does no damage.
You barely miss the goblin. The goblin barely misses you.
You block the goblin's attack.
You completely miss the goblin. The goblin hits you with a +0 club.
You block the goblin's attack.
You thump the goblin!
You kill the goblin!
The goblin no longer looks unusually strong.
Robin throws the goblin at you! The goblin hits you but does no damage.
The goblin hits you with a +0 club. You block the goblin's attack.
You closely miss the goblin. You block the goblin's attack.
Robin roars a battlecry!
The goblin goes into a battle-frenzy!
The goblin hits you with a +0 club.
* * * LOW HITPOINT WARNING * * *
You barely miss the goblin. The goblin hits you with a +0 club.
* * * LOW HITPOINT WARNING * * *
Robin barely misses you. You block the goblin's attack.
You barely miss the goblin. The goblin hits you but does no damage.
Robin throws the goblin at you! You block the goblin's attack.
Robin hits you but does no damage. The goblin hits you but does no damage.
You block the goblin's attack.
You completely miss the goblin.
Your tail-slap misses the goblin.
You block the goblin's attack.
Robin hits you from afar with a +0 trident.
You die...
Robin lets out a smug laugh.

#....# #....## .....
.... #.. # #)# ###
#.#g#...
###.#.#)#.#####
......g@.......
###.#.#g##########.
#.#+#............
##........#########
.......†.†.'.†......
..##.......#########
+......<'†......
#.......########
#########


You could see Robin and 2 goblins.

Vanquished Creatures
  2 adders (D:2)
  A dart slug (D:1)
  A ball python (D:1)
  2 bats (D:1)
  3 giant cockroaches
  12 goblins
  2 hobgoblins
  3 kobolds (D:1)
  A quokka (D:1)
  3 rats
30 creatures vanquished.

Notes
Turn   | Place    | Note
-------+----------+-------------------------------------------
     0 | D:1      | grandjackal the Armataur Fighter began the quest for the
                  | Orb.
     0 | D:1      | Reached XP level 1. HP: 17/17 MP: 1/1
    65 | D:1      | Reached XP level 2. HP: 19/23 MP: 2/2
   521 | D:2      | Reached skill level 4 in Armour
   521 | D:2      | Reached XP level 3. HP: 21/29 MP: 3/3
   574 | D:2      | Noticed Robin
   602 | D:2      | Slain by Robin

Illustrated notes

Levels and vault maps discovered:
D:1:      giann_horns, layout_basic, minmay_tree_intersection,
          solitary_fountain, minmay_distorted
D:2:      layout_basic, serial_shops, nicolae_book_shop_shelving,
          nicolae_shop_stone, shop, ebering_ecumenical_altar_petrified,
          uniq_jessica, uniq_robin

Skill      XL: |  1  2 |
---------------+-------+-----
Maces & Flails | 2 |  2.4
Fighting       | 3 |  3.2
Armour         | 4 |  4.0
Shields        | |  3.9

Action                     || total
---------------------------++-------
  Melee: Flail             ||    83
         Tailslap          ||    10
 Armour: Scale mail        ||    69
  Dodge: Dodged            ||    33
  Block: Buckler           ||    47

Table legend: (Time is in decaauts)
 A = Elapsed time spent in this place.
 B = Non-inter-level travel time spent in this place.
 C = Inter-level travel time spent in this place.
 D = Time resting spent in this place.
 E = Time spent auto-exploring this place.
 F = Levels seen in this place.
 G = Mean time per level.
                   A        B        C        D        E       F      G
               +--------+--------+--------+--------+--------+-----+--------+
         Total |    627 |    620 |      7 |      0 |    451 |   2 |  313.5 |
       Dungeon |    627 |    620 |      7 |      0 |    451 |   2 |  313.5 |
               +--------+--------+--------+--------+--------+-----+--------+

Top non-repeatable levels by time:
     D:1: 518 daAuts
     D:2: 109 daAuts
